 Dungeon Crawl Stone Soup version 0.30.0-20-g3615ddf2f0 (webtiles) character file.

Game seed: 127095717935683985

1526 qw the Cleaver (level 8, -1/49 HPs)
             Began as a Gargoyle Fighter on May 27, 2023.
             Slain by Maggie
             ... wielding a +1 long sword of draining
              (13 damage)
             ... on level 6 of the Dungeon.
             The game lasted 00:02:22 (5477 turns).

qw the Cleaver (Gargoyle Fighter)                   Turns: 5477, Time: 00:02:23

Health: -1/49      AC: 20    Str: 23    XL:     8   Next: 85%
Magic:  8/8        EV:  7    Int:  8    God:
Gold:   296        SH:  4    Dex:  9    Spells: 7/7 levels left

rFire   . . .        t - +0 broad axe
rCold   . . .        c - +0 buckler
rNeg    + . .        b - +0 plate armour
rPois   inf          m - +0 helmet
rElec   +            (no cloak)
rCorr   .            k - +1 pair of gloves
SInv    .            (no boots)
Will    .....        (no amulet) Stlth
                     (no ring)
HPRegen 0.28/turn    (no ring)
MPRegen 0.11/turn

%: no passive effects
@: about to teleport, mesmerised
A: sickness immunity, AC +5, negative energy resistance 1, electricity
resistance, torment resistance 1, petrification resistance
a: no special abilities


You were on level 6 of the Dungeon.
You visited 2 branches of the dungeon, and saw 7 of its levels.
You also visited: Sewer.

You collected 296 gold pieces.


Innate Abilities, Weirdness & Mutations

You are immune to sickness and miasma.
Your stone body is resilient. (AC +5)
You are immune to poison.
You resist negative energy. (rN+)
You are resistant to electric shocks. (rElec)
You are resistant to unholy torment.
You are immune to petrification.


   Skills:
 - Level 5.1 Fighting
 - Level 8.1 Axes
 - Level 2.3 Throwing
 + Level 4.3 Armour
 - Level 2.5 Dodging
 - Level 3.2 Shields


You had 7 spell levels left.
You didn't know any spells.
Your spell library was empty.

Inventory:

Hand Weapons
 n - a +0 flail
 t - a +0 broad axe (weapon)
Missiles
 h - 2 javelins (quivered)
Armour
 b - a +0 plate armour (worn)
 c - a +0 buckler (worn)
 k - a +1 pair of gloves (worn)
 m - a +0 helmet (worn)
 s - a +2 pair of boots
Wands
 g - a wand of digging (8)
Scrolls
 a - a scroll of identify
 p - 4 scrolls of teleportation
 r - a scroll of torment {unknown}
Potions
 d - 2 potions of might
 e - a potion of lignification
 f - 2 potions of mutation
 i - 2 potions of curing
 j - 3 potions of heal wounds
 l - 2 potions of invisibility {unknown}
 o - a potion of haste
 q - a potion of cancellation

Dungeon Overview and Level Annotations

Branches:
Dungeon (6/15)             Temple (1/1) D:6           Sewer (visited)

Altars:
Ashenzari
Cheibriados
Fedhas
Hepliaklqana
Kikubaaqudgha
Ru
Sif Muna
Trog
Vehumet
Xom
Yredelemnul
Zin
The Shining One

Shops:
D:1 [

Annotations:
D:2 1 runed translucent door, Crazy Yiuf
D:6 Maggie


Message History

Maggie zaps a wand.
The puff of flame hits you but does no damage.
You closely miss Maggie.
Maggie is moderately wounded.
Maggie hits you with a +1 long sword of draining.
You slash Maggie!
Maggie is heavily wounded.
Maggie hits you with a +1 long sword of draining.
You hit Maggie but do no damage.
Maggie is heavily wounded.
Maggie hits you with a +1 long sword of draining.
You closely miss Maggie.
Maggie is heavily wounded.
Maggie mumbles some strange words.
Maggie attempts to bespell you!
You are mesmerised by Maggie!
Maggie zaps a wand.
The puff of flame hits you.
You closely miss Maggie.
Maggie is heavily wounded.
Maggie hits you with a +1 long sword of draining.
You hit Maggie.
Maggie is heavily wounded.
Maggie hits you with a +1 long sword of draining.
You hit Maggie.
Maggie is heavily wounded.
Maggie mumbles some strange words.
Maggie draws you further into her thrall.
You barely miss Maggie.
Maggie is heavily wounded.
You block Maggie's attack.
You hit Maggie but do no damage.
Maggie is heavily wounded.
Maggie hits you but does no damage. Maggie gestures at you while chanting.
The bolt of fire hits you!
5477 ||| READING 5 scrolls of teleportation.
As you read the scroll of teleportation, it crumbles to dust.
You feel strangely unstable.
Maggie hits you with a +1 long sword of draining!
You die...

#### #...#####
#...#...#####
#..@@.#.....#
#..............######.#
#............... #.#
###.#..###.....###..#
#.#
.#..)..#~~~~~~~~~#..#
#.#
.#.....#~#.....#~#..#
#.##
........~.......~...#
#..#
........~.......~..##
##.#
........~...>...~..#
#.#


You could see Maggie (mesmerising).

Vanquished Creatures
  Grinder (D:5)
  Sigmund (D:3)
  A steam dragon (D:6)
  An ice beast (D:5)
  A sky beast (D:6)
  An ogre (D:5)
  A kobold brigand (D:5)
  A bullfrog (D:5)
  A gnoll sergeant (D:5)
  A scorpion (D:4)
  A jelly (D:5)
  Ijyb (D:5)
  Natasha (thrice) (D:4)
  An iguana (D:5)
  13 gnolls
  16 adders
  2 river rats (Sewer)
  A white imp (D:6)
  5 dart slugs
  A worm (D:4)
  2 orcs (D:5)
  6 ball pythons
  A bat (D:2)
  3 endoplasms
  3 giant cockroaches
  6 goblins
  5 hobgoblins
  5 jackals
  6 kobolds
  2 quokkas
  10 frilled lizards
  8 rats
111 creatures vanquished.

Notes
Turn   | Place    | Note
-------+----------+-------------------------------------------
     0 | D:1      | qw the Gargoyle Fighter began the quest for the Orb.
     0 | D:1      | Reached XP level 1. HP: 14/14 MP: 1/1
     0 | D:1      | 0 ||| qw: Version: 0.2-a-99-gce666ed
     0 | D:1      | 0 ||| qw: Game counter: 156
     0 | D:1      | 0 ||| qw: Always use a shield: true
     0 | D:1      | 0 ||| qw: God list: Okawaru
     0 | D:1      | 0 ||| qw: Allow faded altars: false
     0 | D:1      | 0 ||| qw: Do Orc after D:15 true
     0 | D:1      | 0 ||| qw: Do second Lair branch before Depths: true
     0 | D:1      | 0 ||| qw: Lair rune preference: random
     0 | D:1      | 0 ||| qw: Plans: Normal, Zot:1-4, God:TSO, Crypt, Tomb,
                  | Pan, Slime:5, Hells, Abyss, Win
     0 | D:1      | 0 ||| PLANNING D:1-11
    37 | D:1      | 37 ||| Stepping ~*~*~tactically~*~*~ (hiding).
   153 | D:1      | Reached skill level 2 in Axes
   158 | D:1      | 158 ||| Stepping ~*~*~tactically~*~*~ (stealth).
   163 | D:1      | Reached XP level 2. HP: 19/19 MP: 2/2
   662 | D:1      | Reached skill level 3 in Axes
   693 | D:1      | Found Hosial's Antique Armour Boutique.
   698 | D:1      | 698 ||| SHOPLISTING blackened scale mail (252 gold, have
                  | 47).
   698 | D:1      | 698 ||| SHOPLISTING brightly glowing ring mail (252 gold,
                  | have 47).
   831 | D:1      | 831 ||| Stepping ~*~*~tactically~*~*~ (hiding).
   833 | D:1      | 833 ||| Stepping ~*~*~tactically~*~*~ (hiding).
   842 | D:1      | Reached XP level 3. HP: 23/23 MP: 3/3
   951 | D:1      | 951 ||| READING 3 scrolls labelled XIT MALADAEL.
   952 | D:1      | 952 ||| READING scroll labelled FEUDWO JUHU.
   953 | D:1      | 953 ||| READING scroll labelled BURPHA ECIOXAS.
   954 | D:1      | 954 ||| READING scroll labelled FAIZULUPSOACH.
   957 | D:1      | 957 ||| READING 2 scrolls of identify.
   957 | D:1      | 957 ||| IDENTIFYING sedimented inky potion
   993 | D:2      | 993 ||| Stepping ~*~*~tactically~*~*~ (hiding).
   997 | D:2      | 997 ||| FLEEEEING.
  1024 | D:2      | 1024 ||| Stepping ~*~*~tactically~*~*~ (stealth).
  1026 | D:2      | 1026 ||| Stepping ~*~*~tactically~*~*~ (hiding).
  1186 | D:2      | Found a glowing golden altar of the Shining One.
  1320 | D:2      | Found a runed translucent door.
  1321 | D:2      | Noticed Crazy Yiuf
  1444 | D:2      | 1444 ||| DROPPING +0 mace.
  1451 | D:2      | Reached XP level 4. HP: 28/28 MP: 4/4
  1456 | D:2      | Reached skill level 4 in Axes
  1722 | D:2      | 1722 ||| UPGRADING to +0 helmet.
  1727 | D:2      | 1727 ||| READING scroll labelled MONLUESUHE.
  1728 | D:2      | 1728 ||| READING scroll labelled FUUDAOGGI.
  1729 | D:2      | 1729 ||| READING 3 scrolls of identify.
  1729 | D:2      | 1729 ||| IDENTIFYING sedimented ruby potion
  1730 | D:2      | 1730 ||| READING 2 scrolls of identify.
  1730 | D:2      | 1730 ||| IDENTIFYING fuming dark potion
  1731 | D:2      | 1731 ||| DROPPING potion of flight.
  1753 | D:3      | 1753 ||| PLANNING SEWER
  1761 | D:3      | 1761 ||| STAIRDANCE
  1766 | D:2      | Reached XP level 5. HP: 21/32 MP: 5/5
  1862 | D:3      | 1862 ||| FLEEEEING.
  1863 | D:3      | 1863 ||| STAIRDANCE
  2024 | D:3      | Reached skill level 5 in Axes
  2109 | D:3      | Found a broken altar of Ashenzari.
  2117 | D:3      | 2117 ||| UPGRADING to +0 chain mail.
  2123 | D:3      | 2123 ||| UPGRADING to +0 scale mail.
  2128 | D:3      | 2128 ||| UPGRADING to +0 chain mail.
  2138 | D:3      | 2138 ||| DROPPING +0 scale mail.
  2139 | D:3      | 2139 ||| UPGRADING to +0 pair of gloves.
  2240 | D:3      | Found a hazy altar of Hepliaklqana.
  2240 | D:3      | Found a radiant altar of Vehumet.
  2376 | D:3      | Found a glowing drain.
  2377 | D:3      | 2377 ||| READING scroll labelled YPEXE NO SUAF.
  2377 | D:3      | Identified a scroll of acquirement
  2377 | D:3      | 2377 ||| ACQUIRING +2 heavy war axe
  2377 | D:3      | Acquired a +2 heavy war axe
  2379 | D:3      | 2379 ||| SWAPPING to +2 heavy war axe.
  2380 | D:3      | 2380 ||| DROPPING +1 war axe.
  2381 | D:3      | 2381 ||| READING 3 scrolls of identify.
  2381 | D:3      | 2381 ||| IDENTIFYING white potion
  2382 | D:3      | 2382 ||| READING 2 scrolls of identify.
  2382 | D:3      | 2382 ||| IDENTIFYING silvery potion
  2391 | Sewer    | Entered a sewer
  2443 | Sewer    | 2443 ||| Stepping ~*~*~tactically~*~*~ (stealth).
  2445 | Sewer    | 2445 ||| Stepping ~*~*~tactically~*~*~ (water).
  2490 | Sewer    | 2490 ||| Stepping ~*~*~tactically~*~*~ (stealth).
  2510 | Sewer    | Reached XP level 6. HP: 38/38 MP: 6/6
  2672 | Sewer    | 2672 ||| READING scroll labelled PUPLOSK VABRY.
  2673 | Sewer    | 2673 ||| READING scroll labelled NIUTZY MARE.
  2677 | D:3      | 2677 ||| PLANNING D:1-11
  2699 | D:3      | Noticed Sigmund
  2700 | D:3      | 2700 ||| Stepping ~*~*~tactically~*~*~ (hiding).
  2713 | D:3      | Killed Sigmund
  2714 | D:3      | Reached skill level 6 in Axes
  3069 | D:3      | 3069 ||| UPGRADING to +0 plate armour.
  3079 | D:3      | 3079 ||| DROPPING +0 chain mail.
  3080 | D:3      | 3080 ||| READING scroll labelled JISTRO BAIHI.
  3081 | D:3      | 3081 ||| READING 2 scrolls of identify.
  3081 | D:3      | 3081 ||| IDENTIFYING bubbling clear potion
  3082 | D:3      | 3082 ||| DROPPING potion of degeneration.
  3264 | D:4      | Noticed Natasha
  3270 | D:4      | Killed Natasha
  3271 | D:4      | Reached XP level 7. HP: 43/43 MP: 7/7
  3327 | D:4      | Noticed Natasha
  3332 | D:4      | 3332 ||| DRINKING 3 potions of curing.
  3332 | D:4      | 3332 ||| (to cure confusion)
  3333 | D:4      | Killed Natasha
  3334 | D:4      | Reached skill level 1 in Throwing
  3336 | D:4      | 3336 ||| FLEEEEING.
  3337 | D:4      | 3337 ||| FLEEEEING.
  3338 | D:4      | 3338 ||| FLEEEEING.
  3339 | D:4      | 3339 ||| FLEEEEING.
  3340 | D:4      | 3340 ||| FLEEEEING.
  3341 | D:4      | 3341 ||| FLEEEEING.
  3342 | D:4      | 3342 ||| FLEEEEING.
  3343 | D:4      | 3343 ||| FLEEEEING.
  3344 | D:4      | 3344 ||| FLEEEEING.
  3346 | D:4      | 3346 ||| FLEEEEING.
  3354 | D:4      | 3354 ||| FLEEEEING.
  3355 | D:4      | 3355 ||| FLEEEEING.
  3356 | D:4      | 3356 ||| FLEEEEING.
  3357 | D:4      | 3357 ||| FLEEEEING.
  3358 | D:4      | 3358 ||| FLEEEEING.
  3359 | D:4      | 3359 ||| FLEEEEING.
  3360 | D:4      | 3360 ||| FLEEEEING.
  3361 | D:4      | 3361 ||| FLEEEEING.
  3362 | D:4      | 3362 ||| FLEEEEING.
  3363 | D:4      | 3363 ||| FLEEEEING.
  3364 | D:4      | 3364 ||| FLEEEEING.
  3365 | D:4      | 3365 ||| FLEEEEING.
  3366 | D:4      | 3366 ||| FLEEEEING.
  3367 | D:4      | 3367 ||| FLEEEEING.
  3368 | D:4      | 3368 ||| FLEEEEING.
  3369 | D:4      | 3369 ||| FLEEEEING.
  3376 | D:4      | 3376 ||| Stepping ~*~*~tactically~*~*~ (hiding).
  3377 | D:4      | 3377 ||| Stepping ~*~*~tactically~*~*~ (hiding).
  3476 | D:4      | Noticed Natasha
  3477 | D:4      | 3477 ||| Stepping ~*~*~tactically~*~*~ (stealth).
  3487 | D:4      | Killed Natasha
  3703 | D:4      | 3703 ||| READING scroll labelled DERIOS QEAMNO.
  3704 | D:4      | 3704 ||| READING 2 scrolls labelled TADGHO DAADIA.
  3705 | D:4      | 3705 ||| READING scroll of enchant armour.
  3705 | D:4      | 3705 ||| ENCHANTING +0 pair of gloves.
  3706 | D:4      | 3706 ||| READING 2 scrolls of identify.
  3706 | D:4      | 3706 ||| IDENTIFYING emerald potion
  3729 | D:5      | Entered Level 5 of the Dungeon
  3799 | D:5      | Noticed Ijyb
  3806 | D:5      | Killed Ijyb
  3808 | D:5      | 3808 ||| Stepping ~*~*~tactically~*~*~ (stealth).
  4091 | D:5      | 4091 ||| Stepping ~*~*~tactically~*~*~ (stealth).
  4095 | D:5      | Reached skill level 7 in Axes
  4095 | D:5      | 4095 ||| Stepping ~*~*~tactically~*~*~ (stealth).
  4112 | D:5      | Reached XP level 8. HP: 48/48 MP: 8/8
  4168 | D:5      | 4168 ||| Stepping ~*~*~tactically~*~*~ (stealth).
  4368 | D:5      | 4368 ||| Stepping ~*~*~tactically~*~*~ (hiding).
  4369 | D:5      | 4369 ||| Stepping ~*~*~tactically~*~*~ (hiding).
  4545 | D:5      | Found a shimmering blue altar of Sif Muna.
  4595 | D:5      | Noticed Grinder
  4599 | D:5      | 4599 ||| READING scroll of enchant weapon.
  4599 | D:5      | 4599 ||| ENCHANTING +2 heavy war axe.
  4600 | D:5      | 4600 ||| Stepping ~*~*~tactically~*~*~ (stealth).
  4611 | D:5      | Killed Grinder
  4811 | D:5      | 4811 ||| DRINKING 2 yellow potions.
  4858 | D:6      | 4858 ||| FLEEEEING.
  4859 | D:6      | 4859 ||| FLEEEEING.
  4860 | D:6      | 4860 ||| STAIRDANCE
  4993 | D:6      | Found a staircase to the Ecumenical Temple.
  4994 | D:6      | 4994 ||| PLANNING TEMPLE
  4994 | D:6      | 4994 ||| READING 2 scrolls of identify.
  4994 | D:6      | 4994 ||| IDENTIFYING coppery potion
  4995 | D:6      | 4995 ||| DROPPING potion of brilliance.
  5004 | Temple   | Entered the Ecumenical Temple
  5170 | Temple   | 5170 ||| PLANNING D:1-11
  5329 | D:6      | 5329 ||| SWAPPING to +0 broad axe.
  5350 | D:6      | Reached skill level 8 in Axes
  5365 | D:6      | 5365 ||| DROPPING +3 heavy war axe.
  5463 | D:6      | Noticed Maggie
  5464 | D:6      | 5464 ||| Stepping ~*~*~tactically~*~*~ (hiding).
  5476 | D:6      | HP: 12/49 [Maggie/bolt of fire (14)]
  5477 | D:6      | 5477 ||| READING 5 scrolls of teleportation.
  5477 | D:6      | Slain by Maggie

Levels and vault maps discovered:
D:1:      tarquinn_simple_flora_water_a, layout_basic, serial_shops, shop
D:2:      layout_basic, basic_altar, uniq_crazy_yiuf_cottage
D:3:      layout_basic, nicolae_ashenzari_skybound,
          nicolae_overflow_two_pavilions, portal_sewer_entry_d, minivault_4,
          chequers_serial_rivers_micro_e, uniq_sigmund
D:4:      layout_rooms, roderic_lattice_a, uniq_natasha
D:5:      layout_gridville, mainiacjoe_overflow_brackets, supply_closet_lemuel,
          uniq_grinder, uniq_ijyb
D:6:      layout_rooms, minmay_temple_entry_water_ring,
          hangedman_abyss_or_decor_lesser_grid, minmay_misc_feat_enclosed,
          uniq_maggie
Temple:   nicolae_temple_bog_church

Skill      XL: |  1  2  3  4  5  6  7  8 |
---------------+-------------------------+-----
Axes           | 2 3 4 5 6 7 8 |  8.1
Fighting       | 4 5 |  5.1
Throwing       | 1 2 |  2.3
Armour         | 4 |  4.3
Dodging        | 2 |  2.5
Shields        | |  3.2

Action                     |  1- 3 |  4- 6 |  7- 9 || total
---------------------------+-------+-------+-------++-------
  Melee: War axe           |    83 |   108 |    83 ||   274
         Broad axe         |       |       |    26 ||    26
  Throw: Boomerang         |     7 |    34 |       ||    41
         Javelin           |       |     5 |    24 ||    29
    Use: Scroll            |     5 |    11 |     7 ||    23
         Potion            |       |       |     2 ||     2
 Armour: Scale mail        |    40 |    40 |       ||    80
         Chain mail        |       |    52 |       ||    52
         Plate armour      |       |     3 |    95 ||    98
  Dodge: Dodged            |    32 |    63 |    46 ||   141
  Block: Buckler           |    19 |    35 |    22 ||    76

Table legend:
 A = Non-vault XP
 B = Vault XP
 C = Vault XP percentage of total XP
 D = Non-vault monster count
 E = Vault monster count
 F = Vault count percentage of total count
                 A         B        C        D         E       F
            +---------+---------+-------+---------+---------+-------
      Total |    1512 |     669 |  30.7 |      89 |      22 |  19.8
            +---------+---------+-------+---------+---------+-------
        D:1 |      36 |       0 |   0.0 |      19 |       0 |   0.0
        D:2 |     136 |       0 |   0.0 |      19 |       0 |   0.0
        D:3 |      75 |     227 |  75.2 |      17 |       2 |  10.5
        D:4 |     193 |      35 |  15.4 |       9 |       1 |  10.0
        D:5 |     758 |     303 |  28.6 |      22 |       2 |   8.3
        D:6 |     314 |       0 |   0.0 |       3 |       0 |   0.0
      Sewer |       0 |     104 | 100.0 |       0 |      17 | 100.0
            +---------+---------+-------+---------+---------+-------
